 Dungeon Crawl Stone Soup version 0.31-a0-1591-g515db51633 (webtiles) character file.

Game seed: 4563897821320429246

33998 Laraso the Stormcaller (level 13, -6/68 HPs)
             Began as a Deep Elf Air Elementalist on Jan 7, 2024.
             Was a High Priest of Sif Muna.
             Mangled by a cane toad (13 damage)
             ... on level 2 of the Lair of Beasts.
             The game lasted 00:40:47 (19855 turns).

Laraso the Stormcaller (Deep Elf Air Elementalist) Turns: 19855, Time: 00:40:48

Health: -6/68      AC:  6    Str: 15    XL:     13   Next: 39%
Magic:  31/31      EV: 18    Int: 23    God:    Sif Muna [*****.]
Gold:   1459       SH:  0    Dex: 15    Spells: 3/36 levels left

rFire   . . .        a - staff of air
rCold   + + .        (no shield)
rNeg    . . .        z - +1 robe of the Seven Knives {rC+ Str+7 Int-3 Archmagi}
rPois   .            F - +1 hat
rElec   +            (no cloak)
rCorr   .            j - +0 pair of gloves
SInv    .            q - +0 pair of boots
Will    +....        (no amulet)
Stlth   ++           v - ring of the Omega Point {Fly Str+3}
HPRegen 0.31/turn    p - ring of protection from cold
MPRegen 0.22/turn

%: archmagi
@: flying
A: no striking features
a: Renounce Religion, Channel Magic, Forget Spell, Divine Exegesis


You were on level 2 of the Lair of Beasts.
You worshipped Sif Muna.
Sif Muna was extremely pleased with you.
You visited 2 branches of the dungeon, and saw 15 of its levels.
You also visited: Bailey.

You collected 1459 gold pieces.

Inventory:

Missiles
 g - a throwing net
Armour
 c - +4 steam dragon scales
 e - a +0 buckler
 j - a +0 pair of gloves (worn)
 q - a +0 pair of boots (worn)
 z - the +1 robe of the Seven Knives (worn) {rC+ Str+7 Int-3 Archmagi}
   (You found it on level 9 of the Dungeon)

   Str+7:     It affects your strength (+7).
   Int-3:     It affects your intelligence (-3).
   rC+:       It protects you from cold.
   Archmagi:  It increases the power of your magical spells.
 F - a +1 hat (worn)
Magical Staves
 a - a staff of air (weapon)
Jewellery
 o - a ring of fire
 p - a ring of protection from cold (right hand)
 v - the ring of the Omega Point (left hand) {Fly Str+3}
   (You took it off an orc knight in a bailey)

   [ring of flight]

   Str+3:     It affects your strength (+3).
   Fly:       It grants you flight.
 L - an amulet of magic regeneration
Wands
 x - a wand of light (5)
 G - a wand of mindburst (4)
 H - a wand of paralysis (5)
 K - a wand of flame (25)
Scrolls
 b - a scroll of revelation
 h - 5 scrolls of teleportation
 i - 2 scrolls of vulnerability
 m - a scroll of noise {unknown}
 s - 2 scrolls of fog
 w - 2 scrolls of enchant weapon
 y - a scroll of silence
 C - a scroll of immolation
 M - a scroll of poison
Potions
 d - a potion of berserk rage
 f - 3 potions of attraction
 k - 2 potions of enlightenment
 l - 2 potions of cancellation
 n - a potion of magic
 r - a potion of lignification
 t - 3 potions of brilliance
 u - a potion of curing
 A - a potion of ambrosia
 B - a potion of haste
 D - a potion of might {unknown}
 E - 2 potions of heal wounds
 J - a potion of mutation


   Skills:
 - Level 3.0 Fighting
 * Level 4.9 Staves
 - Level 2.0 Armour
 - Level 12.0 Dodging
 - Level 2.4 Stealth
 - Level 12.0 Spellcasting
 - Level 7.0 Conjurations
 - Level 3.0 Summonings
 - Level 16.0 Air Magic
 - Level 5.0 Invocations


You had 3 spell levels left.
You knew the following spells:

 Your Spells              Type           Power      Damage    Failure   Level
a - Shock                 Conj/Air       100%       1d9       1%          1
b - Static Discharge      Conj/Air       100%       3-8/arc   1%          2
c - Summon Lightning Spi  Summ/Air       92%        N/A       1%          4
d - Airstrike             Air            57%        2d(9-25)  1%          4
e - Arcjolt               Conj/Air       50%        1d60      1%          5
f - Conjure Ball Lightni  Conj/Air       50%        3x3d17    6%          6
g - Maxwell's Capacitive  Air            57%        ∞         38%         8
s - Swiftness             Air            100%       N/A       1%          3

Your spell library contained the following spells:

 Spells                   Type           Power      Damage    Failure   Level
 Summon Small Mammal      Summ           100%       N/A       1%          1
 Dazzling Flash           Conj/Hex       88%        N/A       3%          3
 Necrotise                Necr           80%        1d8       4%          1
 Call Canine Familiar     Summ           41%        N/A       4%          3
 Jinxbite                 Hex            40%        N/A       7%          2
 Tukima's Dance           Hex            20%        N/A       14%         3
 Vampiric Draining        Necr           20%        2d7       14%         3
 Volatile Blastmotes      Fire/Tloc      40%        2d13      14%         3
 Silence                  Hex/Air        42%        N/A       4%          5
 Freezing Cloud           Conj/Ice/Air   42%        6-21      5%          5
 Iskenderun's Mystic Bla  Conj/Tloc      44%        2d10      11%         4
 Martyr's Knell           Necr/Summ      31%        N/A       24%         4
 Summon Blazeheart Golem  Fire/Summ      31%        N/A       24%         4
 Anguish                  Hex/Necr       10%        N/A       41%         4
 Dimensional Bullseye     Hex/Tloc       10%        N/A       41%         4
 Borgnjor's Vile Clutch   Necr/Erth      10%        N/A       77%         5
 Curse of Agony           Necr           20%        N/A       77%         5
 Yara's Violent Unravell  Hex/Alch       10%        3d6       77%         5
 Starburst                Conj/Fire      22%        6d7       86%         6
 Enfeeble                 Hex            10%        N/A       100%        7
 Malign Gateway           Summ/Tloc      15%        N/A       100%        7
 Borgnjor's Revivificati  Necr           10%        N/A       100%        8
 Summon Horrible Things   Summ           20%        N/A       100%        8


Dungeon Overview and Level Annotations

Branches:
Dungeon (12/15)            Temple (0/1) D:7            Lair (3/5) D:9
 Spider (0/4) Lair:2          Orc (0/2) D:11         Bailey (visited)
  Swamp: Lair:2-3    Shoals: Lair:2-3

Altars:
Ashenzari
Elyvilon
Gozag
Kikubaaqudgha
Okawaru
Qazlal
Sif Muna
Xom


Message History

You start resting.
Your lightning spire disappears in a puff of smoke!
You start to feel a little faster.
You start resting.
You no longer feel sluggish.
You start resting.
HP restored.
You start resting.
Magic restored.
You are caught in the web!
There is a web here.
You struggle to detach yourself from the web.
You struggle to detach yourself from the web.
You struggle to detach yourself from the web.
You disentangle yourself.
There is a stone staircase leading down here.
You fly downwards.
The bullfrog hits you but does no damage.
The bullfrog misses you. The elephant tramples you!
You hold your ground!
The elephant trunk-slaps you.
There is a stone staircase leading up here.
The bullfrog hits you but does no damage.
The cane toad stings you!! The bullfrog hits you. The elephant tramples you.
You are shoved backwards!
You stop ascending the stairs.
As you read the scroll of fear, it crumbles to dust.
You assume a fearsome visage.
The bullfrog looks frightened!
The elephant looks frightened!
The polar bear looks frightened!
The komodo dragon looks frightened!
The cane toad resists with some effort.
The cane toad stings you.
There is a stone staircase leading up, spattered with blood here.
The cane toad stings you!!
* * * LOW HITPOINT WARNING * * *
You are lethally poisoned!
The cane toad poisons you!
You fly upwards.
* * * LOW HITPOINT WARNING * * *
You feel very sick.
There is a stone staircase leading down here.
You feel better. The cane toad closely misses you. The cane toad stings you!
You die...

.........#..^###.^##.........#
.#.##....^^##.#.##^###..##P###
##.##.....^#^#>.^#..###.####
#.####...#...#....###...#
##.## #.#####.#.#.^####.##
#...# #.# ###....#.##...#
#..## #.# #^.#..##^###..#
##.####.###..###.#.##.#.#
....##P..##.....@F..>...#
...####.........#.##..###
..###.#...#.##.########
#..............#
..#.#....####### ########.# #
###


You could see a cane toad.

Vanquished Creatures
  Gastronok (Lair:1)
  A centaur warrior (D:8)
  A boulder beetle (D:8)
  3 death yaks (Lair:2)
  6 two-headed ogres
  Pikel (D:6)
  An orc knight (Bailey)
  A manticore (D:12)
  3 elephants (Lair:3)
  A black mamba (Lair:2)
  A meliai (shapeshifter) (D:10)
  A gargoyle (D:12)
  4 cane toads
  Maggie (D:6)
  A rime drake (Lair:2)
  4 komodo dragons
  A troll (D:11)
  A polar bear (Lair:3)
  A tarantella (Lair:2)
  A hornet (D:10)
  2 blink frogs (Lair:2)
  A slime creature (D:12)
  4 shadows
  3 wyverns
  A wraith (D:8)
  11 yaks
  A vampire (D:10)
  A basilisk (Lair:2)
  2 steam dragons
  3 vampire mosquitoes
  8 water moccasins
  2 sky beasts
  4 black bears
  3 ice beasts
  8 orc warriors
  5 wolves (Lair:2)
  4 centaurs
  2 lemures (D:5)
  A phantom (D:7)
  6 kobold brigands
  7 bullfrogs
  A gnoll sergeant (D:8)
  2 scorpions
  5 wights
  18 killer bees
  3 howler monkeys
  3 bombardier beetles
  3 hounds
  4 jellies
  8 orc priests
  2 sleepcaps
  2 gnoll boudas
  5 iguanas
  12 orc wizards
  4 hell rats (Lair:1)
  9 gnolls
  11 adders
  7 river rats (Lair:1)
  2 white imps
  2 ufetubi (D:6)
  2 ribbon worms (D:5)
  A dart slug (D:3)
  39 orcs
  4 ball pythons (D:2)
  5 bats
  8 endoplasms
  A giant cockroach (D:3)
  14 goblins
  4 hobgoblins
  3 jackals (D:1)
  25 kobolds
  5 quokkas
  8 frilled lizards
  12 rats
348 creatures vanquished.

Vanquished Creatures (collateral kills)
  A death yak (Lair:2)
  2 two-headed ogres
  3 elephants
  A cane toad (Lair:1)
  2 komodo dragons
  2 blink frogs (Lair:2)
  2 slime creatures (D:12)
  A culicivora (Lair:2)
  A shadow (D:12)
  16 yaks
  3 vampire mosquitoes
  3 orc warriors
  A black bear (D:9)
  4 wolves (Lair:2)
  A kobold brigand (D:9)
  5 bullfrogs
  3 wights (D:9)
  An orc priest (D:10)
  3 orc wizards
  2 hell rats (Lair:1)
  2 gnolls (D:8)
  2 river rats (Lair:1)
  17 orcs
  3 quokkas (Lair:1)
  A rat (Lair:1)
82 creatures vanquished.

Vanquished Creatures (others)
  A howler monkey (D:9)
  11 ball lightnings
12 creatures vanquished.

Grand Total: 442 creatures vanquished

Notes
Turn   | Place    | Note
-------+----------+-------------------------------------------
     0 | D:1      | Laraso the Deep Elf Air Elementalist began the quest for
                  | the Orb.
     0 | D:1      | Reached XP level 1. HP: 10/10 MP: 6/6
   354 | D:1      | Reached XP level 2. HP: 6/15 MP: 1/8
   803 | D:1      | Reached XP level 3. HP: 14/19 MP: 4/9
   880 | D:1      | Learned a level 2 spell: Static Discharge
   884 | D:1      | Learned a level 3 spell: Swiftness
  1413 | D:2      | Gained mutation: You passively map a small area around you.
                  | [potion of mutation]
  1414 | D:2      | Lost mutation: You passively map a small area around you.
                  | [potion of mutation]
  1414 | D:2      | Gained mutation: You occasionally lose the ability to read
                  | scrolls when taking damage. [potion of mutation]
  1855 | D:2      | Found a faded altar of an unknown god.
  2157 | D:2      | Reached XP level 4. HP: 24/24 MP: 7/12
  2285 | D:3      | Reached skill level 5 in Spellcasting
  2812 | D:3      | Found an iron altar of Okawaru.
  3350 | D:4      | Found a stormy altar of Qazlal.
  3382 | D:4      | Reached XP level 5. HP: 28/28 MP: 10/15
  3517 | D:4      | Reached skill level 4 in Air Magic
  3672 | D:4      | Reached XP level 6. HP: 24/32 MP: 13/17
  3729 | D:4      | Found an ancient bone altar of Kikubaaqudgha.
  3784 | D:4      | Reached skill level 5 in Air Magic
  4159 | D:4      | Found a white marble altar of Elyvilon.
  4162 | D:4      | Found a shimmering blue altar of Sif Muna.
  4221 | D:4      | Became a worshipper of Sif Muna the Loreminder
  4263 | D:5      | Entered Level 5 of the Dungeon
  4568 | D:5      | Noticed an ice beast
  4750 | D:5      | Killed an ice beast
  4751 | D:5      | Reached XP level 7. HP: 36/36 MP: 13/20
  4980 | D:5      | Reached skill level 6 in Air Magic
  5005 | D:5      | Learned a level 4 spell: Airstrike
  5478 | D:5      | Reached * piety under Sif Muna
  5638 | D:6      | Noticed Pikel
  5768 | D:5      | Reached skill level 7 in Air Magic
  5904 | D:6      | Reached skill level 1 in Fighting
  5953 | D:6      | Reached XP level 8. HP: 44/44 MP: 13/22
  6232 | D:6      | Reached skill level 1 in Armour
  6271 | D:6      | Noticed Maggie
  6364 | D:6      | Killed Maggie
  6365 | D:6      | Reached skill level 1 in Invocations
  6918 | D:6      | Killed Pikel
  6919 | D:6      | Reached skill level 5 in Invocations
  6919 | D:6      | Reached skill level 8 in Air Magic
  6919 | D:6      | Reached XP level 9. HP: 50/50 MP: 2/23
  7206 | D:6      | Found an opulent altar of Gozag.
  7365 | D:7      | Found a staircase to the Ecumenical Temple.
  7697 | D:7      | Reached skill level 9 in Air Magic
  8175 | D:7      | Reached ** piety under Sif Muna
  8689 | D:8      | Reached skill level 10 in Air Magic
  8777 | D:8      | Found a flagged portal.
  8791 | Bailey   | Entered a bailey
  8945 | Bailey   | Reached skill level 11 in Air Magic
  9087 | Bailey   | Identified the ring of the Omega Point {Fly Str+3}
  9087 | Bailey   | Noticed an orc knight
  9092 | Bailey   | Killed an orc knight
  9093 | Bailey   | Reached XP level 10. HP: 53/56 MP: 3/24
  9560 | Bailey   | Found an iron altar of Okawaru.
  9655 | D:8      | Reached skill level 12 in Air Magic
  9885 | D:8      | Learned a level 4 spell: Summon Lightning Spire
  9933 | D:8      | Reached *** piety under Sif Muna
  9940 | D:8      | Reached skill level 1 in Summonings
 10219 | D:8      | Noticed a two-headed ogre
 10224 | D:8      | Killed a two-headed ogre
 10272 | D:8      | Reached skill level 10 in Spellcasting
 10381 | D:8      | Noticed a two-headed ogre
 10386 | D:8      | Killed a two-headed ogre
 10575 | D:8      | Noticed a centaur warrior
 10579 | D:8      | Killed a centaur warrior
 10962 | D:8      | Reached skill level 5 in Dodging
 11002 | D:8      | Noticed a two-headed ogre
 11002 | D:8      | Noticed a boulder beetle
 11015 | D:8      | Killed a two-headed ogre
 11016 | D:8      | Reached XP level 11. HP: 51/60 MP: 16/29
 11110 | D:8      | Killed a boulder beetle
 11497 | D:9      | Identified the +1 robe of the Seven Knives {rC+ Str+7 Int-3
                  | Archmagi}
 11727 | D:9      | Found a shimmering altar of Xom.
 11946 | D:9      | Reached **** piety under Sif Muna
 12493 | D:9      | Reached skill level 10 in Dodging
 12643 | D:9      | Found a staircase to the Lair.
 13140 | D:10     | Entered Level 10 of the Dungeon
 13150 | D:10     | Found a broken altar of Ashenzari.
 13151 | D:10     | Identified a scroll of acquirement
 13157 | D:10     | Acquired a staff of air
 13219 | D:10     | Noticed a two-headed ogre
 13228 | D:10     | Killed a two-headed ogre
 13395 | D:10     | Reached ***** piety under Sif Muna
 13509 | D:10     | Noticed a two-headed ogre
 13532 | D:10     | Killed a two-headed ogre
 13860 | D:10     | Noticed a two-headed ogre
 13864 | D:10     | Killed a two-headed ogre
 14050 | D:10     | Reached XP level 12. HP: 64/64 MP: 21/30
 14325 | D:11     | Received a gift from Sif Muna
 14326 | D:11     | Reached skill level 13 in Air Magic
 14326 | D:11     | Got Sif Muna's Cyclopedia of Pneumatic Unholy Deeds {god
                  | gift}
 14333 | D:11     | Learned a level 5 spell: Arcjolt
 14340 | D:11     | Learned a level 6 spell: Conjure Ball Lightning
 14349 | D:11     | Learned a level 8 spell: Maxwell's Capacitive Coupling
 14588 | D:11     | Found a staircase to the Orcish Mines.
 14592 | D:11     | You are sucked into a shaft and drop 1 floor!
 14593 | D:12     | Noticed a two-headed ogre
 14597 | D:12     | Killed a two-headed ogre
 14745 | D:12     | Noticed a two-headed ogre
 14748 | D:12     | Killed a two-headed ogre
 14753 | D:12     | Reached skill level 5 in Conjurations
 15746 | Lair:1   | Entered Level 1 of the Lair of Beasts
 15809 | Lair:1   | Reached skill level 14 in Air Magic
 16576 | Lair:1   | Noticed Gastronok
 16595 | Lair:1   | Killed Gastronok
 16798 | Lair:1   | Lost mutation: You occasionally lose the ability to read
                  | scrolls when taking damage. [potion of mutation]
 16798 | Lair:1   | Gained mutation: You are agile. (Dex +4, Str/Int -1)
                  | [potion of mutation]
 16798 | Lair:1   | Lost mutation: You are agile. (Dex +4, Str/Int -1) [potion
                  | of mutation]
 17156 | Lair:1   | Reached skill level 15 in Air Magic
 17849 | Lair:2   | Noticed a death yak
 17850 | Lair:2   | Noticed a death yak
 18002 | Lair:2   | Noticed a death yak
 18013 | Lair:2   | Noticed a death yak
 18031 | Lair:2   | Reached XP level 13. HP: 43/68 MP: 10/31
 18202 | Lair:2   | Found a hole to the Spider Nest.
 18839 | Lair:2   | Reached skill level 16 in Air Magic
 18839 | Lair:2   | Reached skill level 1 in Staves
 19854 | Lair:2   | HP: 1/68 [poisoned by a cane toad]
 19855 | Lair:2   | Mangled by a cane toad

Illustrated notes

Levels and vault maps discovered:
D:1:      sevenhm_arrival_forest_fort_large_2, layout_basic
D:2:      layout_basic, ebering_ecumenical_altar_box
D:3:      layout_basic, okawaru_gym_becter
D:4:      layout_rooms, mainiacjoe_overflow_small_starburst,
          jmf_multi_god_temple2, kennysheep_mini_moat
D:5:      layout_loops_ring, grunt_ministairs_5, hangedman_decor_peaks_small
D:6:      wad_crossroads, layout_basic, grunt_gozag_breadcrumbs, uniq_pikel,
          uniq_maggie
D:7:      layout_basic, minmay_temple_entry_tees, chequers_serial_rivers_small_a
D:8:      layout_cave_pools, enter_bailey_3, nzn_random_ring
D:9:      layout_roguey, xom_confusion_cloud, grunt_lair_entry_orc_guard_hut,
          kennysheep_small_spiral
D:10:     layout_roguey [special_room_orc], mainiacjoe_overflow_cross_hatched
D:11:     layout_long_grid, orc_david_3
D:12:     layout_big_octagon, st_stairs_12
Lair:1:   lemuel_ratsnest, layout_cave_pods, grunt_megastairs_1,
          infiniplex_staircase_pool_2, serial_bayou_shore_a,
          serial_bayou_shore_b, uniq_gastronok
Lair:2:   layout_loops_ring, spider_nest_entry_rubble
Lair:3:   layout_regular_city, minmay_shoals_entry_beasts

Skill      XL: |  1  2  3  4  5  6  7  8  9 10 11 12 13 |
---------------+----------------------------------------+-----
Conjurations   | 2 3 7 |  7.0
Spellcasting   | 4 6 8 12 | 12.0
Air Magic      | 4 5 7 8 11 12 15 16 | 16.0
Fighting       | 2 3 |  3.0
Armour         | 2 |  2.0
Dodging        | 4 6 12 | 12.0
Invocations    | 5 |  5.0
Summonings     | 3 |  3.0
Staves         | 4 |  4.9
Stealth        | |  2.4

Action                     |  1- 3 |  4- 6 |  7- 9 | 10-12 | 13-15 || total
---------------------------+-------+-------+-------+-------+-------++-------
  Melee: Hand axe          |     4 |       |       |       |       ||     4
         Dagger            |    15 |    22 |     1 |       |       ||    38
         Punch             |       |     1 |       |       |       ||     1
         Whip              |       |       |    17 |    12 |       ||    29
         Staff             |       |       |       |     4 |     4 ||     8
   Cast: Shock             |    83 |    75 |   115 |   129 |     9 ||   411
         Static Discharge  |       |    11 |    17 |    31 |    16 ||    75
         Swiftness         |       |     1 |       |     3 |     1 ||     5
         Airstrike         |       |       |    55 |   164 |    36 ||   255
         Summon Lightning  |       |       |       |    52 |     9 ||    61
         Conjure Ball Ligh |       |       |       |     2 |     2 ||     4
 Invoke: Channel Magic     |       |       |     1 |     3 |       ||     4
  Evoke: Wand              |       |       |       |     2 |       ||     2
    Use: Scroll            |     3 |     5 |    11 |    16 |     1 ||    36
         Potion            |     2 |     2 |     1 |     1 |     1 ||     7
   Stab: Sleeping          |     2 |     1 |     1 |       |       ||     4
 Armour: Robe              |     9 |    39 |    24 |    75 |    49 ||   196
         Steam dragon scal |       |       |    36 |    34 |       ||    70
  Dodge: Dodged            |     9 |    23 |    35 |    76 |    43 ||   186

Table legend: (Time is in decaauts)
 A = Elapsed time spent in this place.
 B = Non-inter-level travel time spent in this place.
 C = Inter-level travel time spent in this place.
 D = Time resting spent in this place.
 E = Time spent auto-exploring this place.
 F = Levels seen in this place.
 G = Mean time per level.
                   A        B        C        D        E       F      G
               +--------+--------+--------+--------+--------+-----+--------+
         Total |  19855 |  19126 |    729 |   6544 |   9588 |  16 | 1240.9 |
       Dungeon |  14946 |  14352 |    594 |   4535 |   7564 |  12 | 1245.5 |
          Lair |   4101 |   3967 |    134 |   1406 |   2013 |   3 | 1367.0 |
        Bailey |    807 |    807 |      0 |    602 |     11 |   1 |  807.0 |
               +--------+--------+--------+--------+--------+-----+--------+

Top non-repeatable levels by time:
  Lair:1: 2286 daAuts
     D:8: 2164 daAuts
  Lair:2: 1753 daAuts
     D:9: 1691 daAuts
     D:6: 1668 daAuts
     D:5: 1548 daAuts
    D:10: 1189 daAuts
     D:1: 1167 daAuts
    D:11: 1076 daAuts
     D:2: 1065 daAuts
     D:3: 1061 daAuts
     D:4: 1033 daAuts
     D:7: 950 daAuts
  Bailey: 807 daAuts
    D:12: 328 daAuts
